 Dungeon Crawl Stone Soup version 0.30-a0-1050-g2766ea1e55 (webtiles) character file.

Game seed: 17148768255824147864

121 MacCMillion the Shooter (level 4, -3/36 HPs)
             Began as a Demigod Hunter on Apr 11, 2023.
             Slain by an ice beast (13 damage)
             ... on level 4 of the Dungeon.
             The game lasted 00:03:27 (2567 turns).

MacCMillion the Shooter (Demigod Hunter)            Turns: 2567, Time: 00:03:27

Health: -3/36      AC:  3    Str: 17    XL:     4   Next: 49%
Magic:  6/6        EV: 12    Int: 11    God:
Gold:   138        SH:  0    Dex: 21    Spells: 3/3 levels left

rFire   x . .      SeeInvis .    p - +7 sling of Fortitude {drain, rF- Str+5}
rCold   . . .      Faith    .    (no shield)
rNeg    . . .      Spirit   .    c - +0 leather armour
rPois   .          Reflect  .    (no helmet)
rElec   .          Rampage  .    (no cloak)
rCorr   .                        (no gloves)
Will    .....                    (no boots)
Stlth   ++                       (no amulet)
HPRegen 0.26/turn                (no ring)
MPRegen 0.10/turn                (no ring)

@: no status effects
A: high MP 1, forlorn, divine attributes
a: no special abilities


You were on level 4 of the Dungeon.
You visited 1 branch of the dungeon, and saw 4 of its levels.

You collected 138 gold pieces.

Inventory:

Hand Weapons
 a - a +0 shortbow
 p - the +7 sling of Fortitude (weapon) {drain, rF- Str+5}
   (You found it on level 3 of the Dungeon)

   Str:       It affects your strength (+5).
   rF:        It makes you vulnerable to fire.
Armour
 c - a +0 leather armour (worn)
Jewellery
 h - a ring of wizardry
 m - a ring of wizardry
Scrolls
 b - a scroll of immolation
 d - a scroll of poison {unknown}
 e - 3 scrolls of identify {unknown}
 i - a scroll of noise {unknown}
 j - a scroll of magic mapping {unknown}
 n - a scroll of fear {unknown}
 o - a scroll of vulnerability {unknown}
 q - 2 scrolls of teleportation {unknown}
Potions
 f - 3 potions of heal wounds {unknown}
 g - a potion of curing {unknown}
 k - a potion of lignification {unknown}
 l - 2 potions of attraction {unknown}


   Skills:
 - Level 1.7 Fighting
 + Level 5.3 Ranged Weapons
 - Level 1.7 Dodging
 - Level 2.0 Stealth


You had 3 spell levels left.
You didn't know any spells.
Your spell library contained the following spells:

 Spells                   Type           Power      Damage    Failure   Level
 Ozocubu's Armour         Ice            0%         N/A       78%         3
 Ozocubu's Refrigeration  Ice            0%         4d7       100%        7


Dungeon Overview and Level Annotations

Branches:
Dungeon (4/15)
 Temple: D:4-7

Annotations:
D:3 1 runed translucent door, Sigmund


Innate Abilities, Weirdness & Mutations

You have an increased reservoir of magic. (+10% MP)
You shall have no god before yourself.
Your divine heritage dramatically boosts your attributes as you level up.


Message History

The jackal barks!
You shoot a sling bullet. The sling bullet hits the jackal.
The jackal is heavily wounded.
You hear a bark!
A jackal comes into view. x2
The jackal moves out of view.
You shoot a sling bullet. The jackal barks!
The sling bullet hits the jackal.
You drain the jackal.
The jackal is severely wounded.
You shoot a sling bullet. The sling bullet hits the jackal.
You kill the jackal!
You shoot a sling bullet. The sling bullet hits the jackal.
You kill the jackal!
You shoot a sling bullet. The sling bullet hits the jackal.
You kill the jackal!
You shoot a sling bullet. The sling bullet hits the jackal!
You kill the jackal!
No target in view!
No target in view!
There is an open door here.
You see here a jackal corpse.
You open the door.
There is an open door here.
You open the door.
An ice beast comes into view.
There is an open door here.
An ice beast is nearby!
You shoot a sling bullet. The sling bullet hits the ice beast.
The ice beast is lightly wounded.
You shoot a sling bullet.
The sling bullet hits the ice beast but does no damage.
The ice beast is lightly wounded.
The ice beast hits you. The ice beast freezes you!
You shoot a sling bullet.
The sling bullet closely misses the ice beast.
The ice beast hits you. The ice beast freezes you! The ice beast hits you.
* * * LOW HITPOINT WARNING * * *
The ice beast freezes you!
You die...

####### ########
.......######......#
......Y#....#......#
.......@....#......#
..[....#....'......#
.......###..#......#
##########..#......#
#.......#......#
#.......#......#
#.......#......#
#..............#
#...##...#######


You could see an ice beast.

Vanquished Creatures
  An orc wizard (D:2)
  A gnoll (D:1)
  An adder (D:2)
  A worm (D:2)
  3 dart slugs
  8 orcs
  4 bats
  7 endoplasms
  2 giant cockroaches (D:3)
  7 goblins
  4 hobgoblins
  4 jackals (D:4)
  5 kobolds
  A quokka (D:2)
  A ball python (D:2)
  2 frilled lizards
  A giant cockroach zombie (D:3)
  2 quokka zombies (D:3)
  4 rats
59 creatures vanquished.

Notes
Turn   | Place    | Note
-------+----------+-------------------------------------------
     0 | D:1      | MacCMillion the Demigod Hunter began the quest for the Orb.
     0 | D:1      | Reached XP level 1. HP: 17/17 MP: 3/3
    19 | D:1      | Reached skill level 1 in Stealth
   226 | D:1      | Reached XP level 2. HP: 16/24 MP: 4/4
   445 | D:1      | Reached skill level 4 in Ranged Weapons
   866 | D:2      | Reached XP level 3. HP: 8/29 MP: 5/5
  1366 | D:3      | Found a runed translucent door.
  1381 | D:3      | Noticed Sigmund
  1551 | D:2      | Reached XP level 4. HP: 31/36 MP: 6/6
  1594 | D:3      | Reached skill level 5 in Ranged Weapons
  2227 | D:3      | Identified the +7 sling of Fortitude {drain, rF- Str+5}
  2564 | D:4      | Noticed an ice beast
  2567 | D:4      | Slain by an ice beast

Illustrated notes

Levels and vault maps discovered:
D:1:      minmay_arrival_stone_box, layout_loops_ring,
          shapermc_ecumenical_altar_flowoftime, grunt_decor_mini_mirrors,
          amethyst_killhole
D:2:      layout_basic, kennysheep_generic_room_7
D:3:      layout_basic, nicolae_yredelemnul_corpse_copse,
          ebering_ghost_reflecting_pool, minmay_fractal_squares_5, uniq_sigmund
D:4:      layout_gridville, lemuel_tele_altar, minmay_misc_feat_plants,
          uniq_pikel

Skill      XL: |  1  2  3  4 |
---------------+-------------+-----
Stealth        | 1 2 |  2.0
Ranged Weapons | 4 5 |  5.3
Fighting       | |  1.7
Dodging        | |  1.7

Action                     |  1- 3 |  4- 6 || total
---------------------------+-------+-------++-------
  Melee: Shortbow          |       |     1 ||     1
   Fire: Shortbow          |    89 |    35 ||   124
         Sling             |       |    29 ||    29
 Armour: Leather armour    |     9 |    11 ||    20
  Dodge: Dodged            |     9 |    19 ||    28

Table legend: (Time is in decaauts)
 A = Elapsed time spent in this place.
 B = Non-inter-level travel time spent in this place.
 C = Inter-level travel time spent in this place.
 D = Time resting spent in this place.
 E = Time spent auto-exploring this place.
 F = Levels seen in this place.
 G = Mean time per level.
                   A        B        C        D        E       F      G
               +--------+--------+--------+--------+--------+-----+--------+
         Total |   2615 |   2392 |    223 |    233 |   1678 |   4 |  653.8 |
       Dungeon |   2615 |   2392 |    223 |    233 |   1678 |   4 |  653.8 |
               +--------+--------+--------+--------+--------+-----+--------+

Top non-repeatable levels by time:
     D:2: 966 daAuts
     D:3: 794 daAuts
     D:1: 746 daAuts
     D:4: 107 daAuts
